 Dungeon Crawl Stone Soup version 0.31-a0-986-g5e6e4ef867 (webtiles) character file.

Game seed: 1463107872565202787

29648 avis the Spry (level 13, -5/62 HPs)
             Began as a Felid Shapeshifter on Nov 22, 2023.
             Was an Initiate of Gozag.
             Slain by a chaos spawn (7 damage)
             ... on level 5 of the Lair of Beasts.
             The game lasted 01:34:08 (17970 turns).

avis the Spry (Felid Shapeshifter)                 Turns: 17970, Time: 01:34:08

Health: -5/62      AC:  3    Str: 16    XL:     13   Next: 16%
Magic:  23/23      EV: 28    Int: 17    God:    Gozag
Gold:   1405       SH:  5    Dex: 18    Spells: 10/12 levels left
                                        Lives:  0   Deaths: 5

rFire   . .          .
                       - Unarmed
rCold   + + .        (shield unavailable)
rNeg    . . .        (body armour unavailable)
rPois   +            (helmet unavailable)
rElec   +            (cloak unavailable)
rCorr   .            (gloves unavailable)
SInv    +            (boots unavailable)
Will    ++...        b - amulet "Xurrurad" {Reflect Int+3 SH+5}
Stlth   +            y - ring of Kusitin {rC+ Will+ MP+9}
HPRegen 0.00/turn    D - ring "Rompoq" {rElec rPois Str+6}
MPRegen 0.18/turn

%: reflection
@: flux-form, inhibited regen, glowing, quick
A: glow, contaminating, very small, claws 1, fangs 3, see invisible, speed 1,
shaggy fur 3, stealthy paws, no weapons or thrown items, no armour, multi-lived,
antennae 1, inhibited regeneration
a: Begin Untransformation, Renounce Religion, Potion Petition, Call Merchant,
Bribe Branch


You were on level 5 of the Lair of Beasts.
You worshipped Gozag.
Gozag was most pleased with you.
You were something dangerously unstable.
You visited 3 branches of the dungeon, and saw 15 of its levels.
You also visited: Sewer.

You collected 2818 gold pieces.
You spent 1371 gold pieces at shops.
You paid 42 gold pieces to Gozag.

Inventory:

Missiles
 w - 131 stones
Jewellery
 b - the amulet "Xurrurad" (around neck) {Reflect Int+3 SH+5}
   (You bought it in a shop on level 6 of the Dungeon)

   [amulet of reflection]

   Reflect:   It reflects blocked missile attacks.
   Int+3:     It affects your intelligence (+3).
   SH+5:      It affects your SH (+5).
 e - a ring of fire
 h - a ring of positive energy
 y - the ring of Kusitin (left paw) {rC+ Will+ MP+9}
   (You bought it in a shop on level 6 of the Dungeon)

   [ring of magical power]

   rC+:       It protects you from cold.
   Will+:     It increases your willpower.
   MP+9:      It affects your magic capacity (+9).
 D - the ring "Rompoq" (right paw) {rElec rPois Str+6}
   (You bought it in a shop on level 6 of the Dungeon)

   [ring of strength]

   Str+6:     It affects your strength (+6).
   rElec:     It insulates you from electricity.
   rPois:     It protects you from poison
 E - a ring of flight
 H - a ring of flight
Talismans
 f - a flux talisman (active)
Wands
 a - a wand of digging (7)
 x - a wand of iceblast (5)
 G - a wand of flame (10)
 I - a wand of polymorph (4)
 J - a wand of quicksilver (4)
Scrolls
 d - 3 scrolls of teleportation {unknown}
 g - 2 scrolls of blinking
 l - a scroll of revelation {unknown}
 m - 3 scrolls of immolation
 o - 2 scrolls of amnesia {unknown}
 p - 3 scrolls of poison {unknown}
 r - a scroll of vulnerability {unknown}
 s - 3 scrolls of noise {unknown}
 v - a scroll of fear {unknown}
 z - 3 scrolls of fog {unknown}
 A - 2 scrolls of enchant weapon {unknown}
 B - a scroll of acquirement {unknown}
 F - a scroll of enchant armour {unknown}
Potions
 c - a potion of invisibility {unknown}
 i - 2 potions of resistance
 j - 3 potions of enlightenment
 k - a potion of brilliance
 n - 2 potions of cancellation
 q - a potion of might
 t - 2 potions of haste
 u - a potion of ambrosia {unknown}
 C - 2 potions of magic {unknown}


   Skills:
 * Level 10.7 Fighting
 - Level 15.0 Dodging
 - Level 10.0 Unarmed Combat
 - Level 14.0 Shapeshifting


You had 10 spell levels left.
You knew the following spells:

 Your Spells              Type           Power      Damage    Failure   Level
e - Wereblood             Tmut           0%         N/A       34%         2

Your spell library contained the following spells:

 Spells                   Type           Power      Damage    Failure   Level
 Stone Arrow              Conj/Erth      0%         3d7       56%         3
 Brom's Barrelling Bould  Conj/Erth      0%         2d3       93%         4
 Summon Ice Beast         Ice/Summ       0%         N/A       93%         4
 Fireball                 Conj/Fire      0%         3d3       100%        5
 Irradiate                Conj/Tmut      0%         3d11      100%        5
 Iskenderun's Battlesphe  Conj           0%         2d6       100%        5
 Summon Mana Viper        Hex/Summ       0%         N/A       100%        5
 Conjure Ball Lightning   Conj/Air       0%         3x3d6     100%        6
 Monstrous Menagerie      Summ           0%         N/A       100%        7
 Orb of Destruction       Conj           0%         9d5       100%        7
 Ozocubu's Refrigeration  Ice            0%         4d7       100%        7
 Lehudib's Crystal Spear  Conj/Erth      0%         10d2      100%        8
 Polar Vortex             Ice            0%         N/A       100%        9
 Animate Armour           Summ/Erth      Unusable   N/A       N/A         4
 Simulacrum               Ice/Necr       Unusable   N/A       N/A         6

Dungeon Overview and Level Annotations

Branches:
Dungeon (9/15)             Temple (1/1) D:4            Lair (5/5) D:8
  Swamp (0/4) Lair:2       Spider (0/4) Lair:3        Sewer (visited)
  Slime: Lair:4-5       Orc: D:9-12

Altars:
Ashenzari
Cheibriados
Dithmenos
Elyvilon
Fedhas
Gozag
Hepliaklqana
Kikubaaqudgha
Makhleb
Nemelex Xobeh
Okawaru
Qazlal
Ru
Sif Muna
Trog
Uskayaw
Vehumet
Wu Jian
Xom
Yredelemnul
Zin
The Shining One

Shops:
D:6 =

Annotations:
D:3 1 runed translucent door, exclusion: door


Innate Abilities, Weirdness & Mutations

You are something dangerously unstable.
You glow with magical radiation, making you easy to see and hit.
Foes you strike become dangerously contaminated with magical radiation.
You have sharp claws.
You have razor-sharp teeth.
You have supernaturally acute eyesight. (SInv)
You cover ground quickly. (Speed+)
Your thick and shaggy fur keeps you warm. (AC +3, rC+)
Your paws help you pounce on unaware monsters.
You are incapable of wielding weapons or throwing items.
You cannot wear armour.
You gain extra lives every three experience levels.
You have a pair of small antennae on your head.
You do not regenerate when monsters are visible.


Message History

The chaos spawn closely misses you.
You claw the blink frog!
The blink frog glows dangerously bright.
The blink frog is severely wounded.
The blink frog blinks!
The chaos spawn misses you.
You scratch the chaos spawn.
You kill the chaos spawn!
The chaos spawn degenerates into a cloud of primal chaos!
The blink frog blinks!
You see here 16 gold pieces.
You now have 1377 gold pieces (gained 16).
The blink frog is engulfed in seething chaos.
You block the blink frog's attack.
You scratch the blink frog.
The blink frog shudders as magic cascades through it!!
You kill the blink frog!
You now have 1383 gold pieces (gained 6).
You now have 1405 gold pieces (gained 22).
You start resting.
Magic restored.
You start resting.
A chaos spawn comes into view.
A large abomination comes into view.
You scratch the chaos spawn.
The chaos spawn begins to glow.
The chaos spawn is lightly wounded.
A small abomination comes into view.
The chaos spawn gores you! The chaos spawn freezes you. You resist.
* * * LOW HITPOINT WARNING * * *
You claw the chaos spawn!
The chaos spawn glows dangerously bright.
The chaos spawn is moderately wounded.
The chaos spawn closely misses you.
You scratch the chaos spawn but do no damage.
The chaos spawn shudders as magic cascades through it!
The chaos spawn is severely wounded.
The chaos spawn hits you!
* * * LOW HITPOINT WARNING * * *
You are engulfed in flames!
You die...
Your body crumbles into a pile of gold.

♣..#...... ..
♣♣.#...P.. ♣x♣
♣.....P.. ..♣
♣........ ..♣
♣#....... ..♣
♣♣...P.#. ..♣
♣.#....#. ♣♣♣♣4.♣
♣#♣..P... ♣..p..♣
♣..P#.## ♣
♣♣....♣♣ ♣..####.
♣ . ♣♣...♣.♣
♣♣♣♣.# ## ♣.♣.
♣...♣♣♣♣ ♣♣....#
♣...♣ ♣...♣
♣♣♣♣...#.#
♣...♣♣..♣♣
♣.....♣♣.#
♣...♣..♣
♣♣....♣♣♣♣♣
♣....♣♣♣♣♣♣....♣♣
♣♣.....♣♣....♣♣♣


You could see a chaos spawn and a small abomination.

Vanquished Creatures
  A catoblepas (Lair:1)
  2 skysharks (Lair:5)
  2 spriggan druids (Lair:2)
  A lindwurm (Lair:5)
  16 elephants
  3 black mambas
  10 cane toads
  Jeremiah (Lair:1)
  A rime drake (Lair:1)
  11 komodo dragons
  A troll (D:8)
  2 hornets (Lair:2)
  A polar bear (Lair:4)
  Grinder (D:5)
  4 dream sheep
  11 blink frogs
  2 jumping spiders (Lair:2)
  Sigmund (D:2)
  A wyvern (Lair:4)
  27 yaks
  3 basilisks
  Eustachio (D:4)
  Grum (D:8)
  A chaos spawn (Lair:5)
  2 redbacks (Lair:2)
  2 vampire mosquitoes (D:7)
  Menkaure (D:7)
  12 water moccasins
  2 black bears
  3 sky beasts
  3 orc warriors
  3 wolves (D:8)
  An ogre (D:4)
  2 centaurs
  2 kobold brigands (Sewer)
  A phantom (D:6)
  11 bullfrogs
  A scorpion (D:5)
  4 killer bees (D:8)
  3 howler monkeys
  A small abomination (Lair:5)
  2 hounds (D:6)
  A gnoll bouda (D:5)
  2 orc priests (D:8)
  3 jellies (D:7)
  2 sleepcaps
  An iguana (D:6)
  4 orc wizards
  Robin (D:2)
  3 gnolls
  A river rat (Sewer)
  6 adders
  2 shadow imps (D:7)
  3 white imps (D:8)
  4 worms
  3 dart slugs
  17 orcs
  5 endoplasms
  6 giant cockroaches
  13 goblins
  7 hobgoblins
  12 jackals
  8 kobolds
  3 quokkas
  8 ball pythons
  9 bats
  7 frilled lizards
  6 rats
298 creatures vanquished.

Notes
Turn   | Place    | Note
-------+----------+-------------------------------------------
     0 | D:1      | avis the Felid Shapeshifter began the quest for the Orb.
     0 | D:1      | Reached XP level 1. HP: 9/9 MP: 2/2
    19 | D:1      | You fall into a shaft and drop 1 floor!
   115 | D:2      | Reached XP level 2. HP: 12/12 MP: 3/3
   601 | D:1      | Reached XP level 3. HP: 15/15 MP: 4/4
  1519 | D:2      | Reached skill level 5 in Shapeshifting
  1541 | D:2      | Noticed Sigmund
  1561 | D:2      | Killed Sigmund
  1562 | D:2      | Reached XP level 4. HP: 15/19 MP: 5/5
  1562 | D:2      | Reached XP level 5. HP: 18/22 MP: 6/6
  1906 | D:3      | Noticed Robin
  1982 | D:2      | Killed Robin
  2047 | D:2      | Gained mutation: You do not regenerate when monsters are
                  | visible. [potion of mutation]
  2047 | D:2      | Gained mutation: You have a pair of small antennae on your
                  | head. [potion of mutation]
  2047 | D:2      | HP: 1/21 [poisoned by a goblin]
  2047 | D:2      | Slain by a hobgoblin
  2506 | D:3      | Gained mutation: You are covered in thick fur. (AC +2)
                  | [Felid growth]
  2506 | D:3      | Reached XP level 6. HP: 23/24 MP: 7/7
  2903 | D:3      | Found a faded altar of an unknown god.
  3015 | D:3      | Found an ornate altar of the Wu Jian Council.
  3115 | D:3      | Found a runed translucent door.
  3450 | D:4      | Found a blossoming altar of Fedhas.
  3658 | D:4      | Reached skill level 3 in Dodging
  3671 | D:4      | Noticed Eustachio
  3712 | D:4      | Killed Eustachio
  3713 | D:4      | Reached skill level 5 in Dodging
  3713 | D:4      | Reached XP level 7. HP: 28/31 MP: 8/8
  3734 | D:4      | Found a staircase to the Ecumenical Temple.
  3743 | Temple   | Entered the Ecumenical Temple
  3749 | Temple   | Became a worshipper of Gozag Ym Sagoz the Greedy
  3843 | D:4      | Found an ancient bone altar of Kikubaaqudgha.
  3843 | D:4      | Found a sacrificial altar of Ru.
  4090 | D:5      | Entered Level 5 of the Dungeon
  4245 | D:5      | Found a glowing drain.
  4269 | Sewer    | Entered a sewer
  4340 | Sewer    | Reached skill level 6 in Dodging
  4442 | Sewer    | Found a white marble altar of Elyvilon.
  4586 | D:5      | Noticed Grinder
  4605 | D:5      | Killed Grinder
  4606 | D:5      | Reached skill level 5 in Fighting
  4823 | D:5      | Reached XP level 8. HP: 37/37 MP: 9/9
  5006 | D:5      | Found a shimmering blue altar of Sif Muna.
  5684 | D:6      | Found Baulazis's Jewellery Boutique.
  5780 | D:6      | Found a hide-covered altar of Uskayaw.
  5816 | D:6      | Found a basalt altar of Yredelemnul.
  6658 | D:6      | Reached skill level 7 in Dodging
  6785 | D:6      | Reached skill level 8 in Dodging
  7015 | D:7      | Reached skill level 9 in Dodging
  7024 | D:7      | Reached XP level 9. HP: 26/40 MP: 10/10
  7093 | D:7      | Noticed Menkaure
  7103 | D:7      | Killed Menkaure
  7464 | D:6      | Bought the ring "Rompoq" {rElec rPois Str+6} for 542 gold
                  | pieces
  7589 | D:7      | Reached skill level 10 in Shapeshifting
  7675 | D:8      | Noticed a troll
  7927 | D:8      | Reached skill level 10 in Dodging
  8081 | D:8      | Noticed Grum
  8095 | D:8      | Slain by a wolf
  8124 | D:8      | Killed Grum
  8138 | D:8      | HP: 2/60 [wolf[Grum] (5)]
  8143 | D:8      | Reached skill level 11 in Dodging
  8373 | D:8      | Found a staircase to the Lair.
  8622 | D:8      | Reached skill level 12 in Dodging
  8831 | D:8      | Killed a troll
  9062 | D:8      | Reached XP level 10. HP: 38/45 MP: 11/11
  9089 | D:14     | Identified the "Qeahe"
  9089 | D:14     | Identified the "Suil"
  9089 | Lair:1   | Entered Level 1 of the Lair of Beasts
  9143 | Lair:1   | Noticed a cane toad
  9159 | Lair:1   | Killed a cane toad
  9280 | D:8      | Reached skill level 13 in Dodging
  9348 | Lair:1   | Reached skill level 14 in Dodging
  9456 | Lair:1   | Reached skill level 15 in Dodging
  9586 | D:6      | Bought the amulet "Xurrurad" {Reflect Int+3 SH+5} for 433
                  | gold pieces
 10151 | Lair:1   | Noticed Jeremiah
 10156 | Lair:1   | Killed Jeremiah
 10157 | Lair:1   | Reached XP level 11. HP: 38/52 MP: 12/12
 10838 | Lair:2   | Slain by a basilisk
 10914 | Lair:2   | Noticed a catoblepas
 11007 | Lair:1   | Killed a catoblepas
 11189 | Lair:1   | Reached skill level 10 in Fighting
 11753 | Lair:2   | Noticed a spriggan druid
 11754 | Lair:2   | Noticed a spriggan druid
 11939 | Lair:2   | Killed a spriggan druid
 12288 | Lair:2   | Killed a spriggan druid
 12369 | Lair:2   | Found a staircase to the Swamp.
 12632 | Lair:3   | Found a hole to the Spider Nest.
 12646 | Lair:2   | HP: 1/54 [redback (11)]
 12801 | Lair:2   | Learned a level 2 spell: Wereblood
 12936 | D:6      | Bought the ring of Kusitin {rC+ Will+ MP+9} for 396 gold
                  | pieces
 14071 | Lair:3   | Gained mutation: Your thick and shaggy fur keeps you warm.
                  | (AC +3, rC+) [Felid growth]
 14071 | Lair:3   | Reached XP level 12. HP: 54/58 MP: 13/13
 16111 | Lair:5   | Entered Level 5 of the Lair of Beasts
 16413 | Lair:5   | Slain by a cane toad
 16452 | Lair:5   | Reached skill level 5 in Unarmed Combat
 17038 | Lair:5   | Reached XP level 13. HP: 32/61 MP: 14/14
 17516 | Lair:5   | Demolished by a cane toad
 17557 | Lair:5   | Reached skill level 10 in Unarmed Combat
 17970 | Lair:5   | HP: 2/62 [chaos spawn (15)]
 17970 | Lair:5   | Slain by a chaos spawn

Illustrated notes

Levels and vault maps discovered:
D:1:      minmay_arrival_checkered_box, layout_basic, feat_on_display
D:2:      layout_basic, uniq_sigmund
D:3:      layout_rooms, nzn_wu_jian_council_hall,
          dreamdust_ecumenical_altar_statues, uniq_crazy_yiuf_cottage,
          uniq_robin
D:4:      layout_cave_pools, fedhas_altar_fruit_tree,
          gammafunk_temple_overflow_statue, minmay_temple_entry_antechambers,
          uniq_eustachio
D:5:      layout_gridville, nicolae_sif_muna_condensation,
          cheibrodos_sewer_entry_sluice, uniq_grinder
D:6:      layout_cave_pods, mainiacjoe_overflow_alcove_1, kennysheep_little_box,
          serial_shops, shop
D:7:      layout_cave_pools, uniq_menkaure
D:8:      minmay_skewed_foursquare, layout_basic, uniq_grum
D:9:      cheibrodos_statue_roulette, layout_long_grid, serial_ice,
          serial_ice_m, serial_ice_a, serial_ice_j, serial_ice_h, serial_ice_b,
          serial_ice_d, serial_shops, nicolae_shop_advertising_works
          [nicolae_subvault_shop_adworks], gammafunk_ghost_berserking_beasts
Temple:   nicolae_temple_no_exploring_needed
Lair:1:   layout_layer_cave, uniq_jeremiah
Lair:2:   layout_hall_layers, mainiacjoe_swamp_entry_angry_trees
Lair:3:   layout_roguey, spider_nest_entry_a, nicolae_volcano_entry_hallway
Lair:4:   layout_roguey, kennysheep_catoblepas_arena
Lair:5:   hellmonk_lair_end_abyssal_woods, layout_cave_shapes,
          dpeg_slime_entry_corner, lemuel_old_faithful, uniq_snorg

Skill      XL: |  1  2  3  4  5  6  7  8  9 10 11 12 13 |
---------------+----------------------------------------+-----
Shapeshifting  | 4 6 7 9 10 13 14 | 14.0
Fighting       | 3 5 6 8 10 | 10.7
Dodging        | 5 6 9 12 15 | 15.0
Unarmed Combat | 9 10 | 10.0

Action                     |  1- 3 |  4- 6 |  7- 9 | 10-12 | 13-15 || total
---------------------------+-------+-------+-------+-------+-------++-------
  Melee: Unarmed           |   122 |   128 |   401 |   606 |   108 ||  1365
         Bite              |    10 |    12 |    61 |   133 |    12 ||   228
         Punch             |     1 |       |       |     2 |       ||     3
  Evoke: Wand              |       |     5 |     8 |    19 |       ||    32
    Use: Potion            |     1 |     2 |    10 |     8 |       ||    21
         Scroll            |       |       |     5 |     6 |       ||    11
   Stab: Sleeping          |       |     1 |     1 |       |       ||     2
         Distracted        |       |       |     1 |     2 |     1 ||     4
 Armour: Skin              |    36 |    50 |   181 |   212 |    22 ||   501
  Dodge: Dodged            |    70 |   133 |   369 |   547 |    98 ||  1217
  Block: Other             |       |       |       |   102 |    20 ||   122
   Form: Flux              |     2 |       |       |       |       ||     2
         Beast             |     1 |       |       |       |       ||     1

Table legend: (Time is in decaauts)
 A = Elapsed time spent in this place.
 B = Non-inter-level travel time spent in this place.
 C = Inter-level travel time spent in this place.
 D = Time resting spent in this place.
 E = Time spent auto-exploring this place.
 F = Levels seen in this place.
 G = Mean time per level.
                   A        B        C        D        E       F      G
               +--------+--------+--------+--------+--------+-----+--------+
         Total |  15818 |  13929 |   1889 |   4563 |   4773 |  16 |  988.6 |
       Dungeon |   8024 |   6655 |   1369 |   1388 |   2986 |   9 |  891.6 |
        Temple |     21 |     19 |      2 |      0 |      0 |   1 |   21.0 |
          Lair |   7557 |   7040 |    517 |   3116 |   1787 |   5 | 1511.4 |
         Sewer |    214 |    214 |      0 |     58 |      0 |   1 |  214.0 |
               +--------+--------+--------+--------+--------+-----+--------+

Top non-repeatable levels by time:
  Lair:2: 2069 daAuts
  Lair:4: 1638 daAuts
  Lair:1: 1530 daAuts
  Lair:3: 1332 daAuts
     D:8: 1314 daAuts
     D:6: 1303 daAuts
     D:2: 1294 daAuts
     D:5: 1101 daAuts
  Lair:5: 986 daAuts
     D:1: 923 daAuts
     D:7: 738 daAuts
     D:3: 673 daAuts
     D:4: 668 daAuts
   Sewer: 214 daAuts
  Temple: 21 daAuts
